Unix NetHack Version 5.0.0-0 post-release - last build May  4 2026 22:22:43 (774f63e81ad911689b3a0859ea89b322d5daca8d,branch:main).

Game began 2026-05-07 04:34:58, ended 2026-05-07 04:41:10.

Brudee, chaotic female human Barbarian

             ..-
           ......---
           ..G@....|
           --<...`.|
            ....----

Brudee the Pillager        St:18/02 Dx:17 Co:16 In:8 Wi:7 Ch:7  Chaotic
Dlvl:3  $:18 HP:0(26) Pw:6(6) AC:7  Xp:3/60 T:433 

Latest messages:
 r - an orcish dagger (at the ready) (2 in total).
 With great effort you move the boulder.
 The goblin hits!
 You kill the goblin!
 u - a scroll labeled PRIRUTSENIE.
 You see here an orcish helm.
 v - an orcish helm.
 What do you want to wear? [v or ?*] ?
 What do you want to wear? [v or ?*] <space>
 Never mind.
 You descend the stairs.
 You climb up the stairs.
 You descend the stairs.
 The gnome hits!
 You kill the gnome!
 Welcome to experience level 3.
 You miss the dwarf.
 The dwarf swings her pick-axe.
 The dwarf hits!
 You kill the dwarf!
 The gnome hits!
 You kill the gnome!
 w - a pick-axe.
 The gnome swings her aklys.
 The gnome hits!
 You miss the gnome.
 The gnome swings her aklys.
 The gnome hits!
 What do you want to write with? [- abfioqr or ?*] -
 You write in the dust with your fingertip.
 What do you want to write in the dust here? Elbereth
 Something is written here in the dust.
 You read: "Elbkreth".
 You see no objects here.
 What do you want to write with? [- abfioqr or ?*] -
 Do you want to add to the current engraving? [ynq] (y) n
 You wipe out the message that was written in the dust here.
 You write in the dust with your fingertip.
 What do you want to write in the dust here? Elbereth
 Something is written here in the dust.
 You read: "Elbereth".
 You see no objects here.
 An aklys misses you.
 The aklys returns to its hand!
 You are hit by an aklys.
 You hear the howling of the CwnAnnwn...
 The gnome hits!
 You die...
 Do you want your possessions identified? [ynq] (y) y
 Do you want to see your attributes? [ynq] (y) q

Inventory:
 Coins    ('$')
  $ - 18 gold pieces
 Weapons  (')')
  f - a +0 elven bow
  o - a blessed +1 elven spear
  r - 2 +0 orcish daggers (at the ready)
  b - a blessed +0 axe
  a - a +0 two-handed sword (weapon in hands)
 Armor    ('[')
  v - a cursed -1 orcish helm
  c - an uncursed +0 ring mail (being worn)
 Comestibles  ('%')
  d - an uncursed food ration
  j - 2 uncursed lembas wafers
  m - an uncursed lichen corpse
 Scrolls  ('?')
  s - an uncursed scroll of enchant weapon
  u - a blessed scroll of gold detection
  t - an uncursed scroll of identify
  k - a blessed scroll of teleportation
  h - an uncursed scroll of teleportation
 Potions  ('!')
  n - 2 uncursed potions of confusion
  g - an uncursed potion of extra healing
  l - an uncursed potion of invisibility
  p - an uncursed potion of sleeping
 Wands    ('/')
  i - a wand of polymorph (0:4)
  q - a wand of slow monster (0:4)
 Tools    ('(')
  w - a +0 pick-axe

Brudee the Barbarian's attributes:

Background:
 You were a Pillager, a level 3 female human Barbarian.
 You were chaotic, on a mission for Set
 who was opposed by Mitra (lawful) and Crom (neutral).
 You were left-handed.
 You were in the Gnomish Mines, on level 3.
 You entered the dungeon 433 turns ago.
 It was nighttime.
 You had 60 experience points, 20 more were needed to attain level 4.

Basics:
 You had 0 out of 26 hit points.
 You had all 6 energy points (spell power).
 Your armor class was 7.
 Your wallet contained 18 zorkmids.
 Autopickup was on for '$"?+!=/' plus thrown.

Final Characteristics:
 Your strength was 18/02 (limit:18/100).
 Your dexterity was 17 (limit:18).
 Your constitution was 16 (limit:18).
 Your intelligence was 8 (limit:18).
 Your wisdom was 7 (limit:18).
 Your charisma was 7 (limit:18).

Final Status:
 You weren't hungry.
 You were unencumbered.
 You were wielding a two-handed sword.
 You had basic skill with two-handed sword.

Final Attributes:
 You were fervently aligned.
 You were poison resistant.
 You were warded.
 You are dead.

Miscellaneous:
 You didn't encounter any bones levels.
 Total elapsed playing time was 6 minutes and 9 seconds.

Major events:
 Turn
    1: Brudee the chaotic female human Barbarian entered the dungeon
  400: entered the Gnomish Mines
  415: attained the rank of Pillager (level 3)
  433: killed by a gnome

You didn't know any spells.

Skills:
 Fighting Skills
   bare handed combat [Basic]
   two weapon combat  [Unskilled]
   riding             [Unskilled]
 Weapon Skills
   dagger             [Unskilled]
   axe                [Basic]
   pick-axe           [Unskilled]
   short sword        [Unskilled]
   broadsword         [Unskilled]
   long sword         [Unskilled]
   two-handed sword   [Basic]
   saber              [Unskilled]
   club               [Unskilled]
   mace               [Unskilled]
   morning star       [Unskilled]
   flail              [Unskilled]
   hammer             [Unskilled]
   quarterstaff       [Unskilled]
   spear              [Unskilled]
   trident            [Unskilled]
   bow                [Unskilled]
 Spellcasting Skills
   attack spells      [Unskilled]
   escape spells      [Unskilled]

Voluntary challenges:
 Character rerolling was not enabled.
 You were an atheist.
 You never genocided any monsters.
 You never polymorphed an object.
 You never changed form.
 You used no wishes.
Achievements:
 You entered the Gnomish Mines.
 You attained the rank of Pillager.

 The Dungeons of Doom: levels 1 to 2
    Level 1:
    Level 2:
       Many fountains, a grave.
       Stairs down to The Gnomish Mines.
 The Gnomish Mines:
    Level 3: <- You were here.
       Final resting place for
          you, killed by a gnome.


Vanquished creatures:
  a dwarf
  2 gnomes
  5 jackals
  2 foxes
  2 goblins
  a grid bug
  3 lichens
  2 newts
18 creatures vanquished.

No species were genocided or became extinct.

Game over:
                       ----------
                      /          \
                     /    REST    \
                    /      IN      \
                   /     PEACE      \
                  /                  \
                  |      Brudee      |
                  |      18 Au       |
                  |   killed by a    |
                  |      gnome       |
                  |                  |
                  |                  |
                  |       2026       |
                 *|     *  *  *      | *
        _________)/\\_//(\/(/\)/\//\/|_)_______

Goodbye Brudee the Barbarian...

You died in The Gnomish Mines on dungeon level 3 with 357 points,
and 18 pieces of gold, after 433 moves.
You were level 3 with a maximum of 26 hit points when you died.

